 Dungeon Crawl Stone Soup version 0.21-b1-21-g86478ac299 (webtiles) character file.

2270 Rrauwl the Covert (level 9, 0/58 HPs)
             Began as a Gnoll Wanderer on Jan 5, 2018.
             Was a Priest of Hepliaklqana.
             Succumbed to a hornet's poison
             ... while paralysed by a hornet
             ... on level 7 of the Dungeon.
             The game lasted 00:27:32 (7421 turns).

Rrauwl the Covert (Gnoll Wanderer)                  Turns: 7421, Time: 00:27:33

Health: 0/58       AC: 13    Str: 16    XL:     9   Next: 38%
Magic:  18/18      EV:  2    Int: 14    God:    Hepliaklqana [***...]
Gold:   321        SH:  0    Dex: 23    Spells: 21/21 levels left

rFire    . . .     SeeInvis .   a - +1 long sword (holy)
rCold    + . .     Gourm    .   (no shield)
rNeg     . . .     Faith    .   t - +2 ring mail {MR+}
rPois    .         Spirit   .   r - +0 helmet
rElec    .         Reflect  .   (no cloak)
rCorr    .         Harm     .   o - +2 pair of gloves
MR       +....                  x - +0 pair of boots
Stlth    ++++......             k - amulet of rage
HPRegen  0.19/turn              j - +6 ring of dexterity
MPRegen  0.16/turn              h - ring of protection from cold

@: paralysed, lethally poisoned (0 -> -11), berserk cooldown, slowed
A: distributed training, reduced essence, fangs 1, strong nose
a: Recall Ancestor, Ancestor Identity, Transference, Renounce Religion, Evoke
Berserk Rage


You were on level 7 of the Dungeon.
You worshipped Hepliaklqana.
Hepliaklqana was most pleased with you.
You were hungry.

You visited 2 branches of the dungeon, and saw 8 of its levels.
You also visited: Sewer.

You collected 321 gold pieces.

Inventory:

Hand Weapons
 a - a +1 long sword of holy wrath (weapon)
 b - a +4 hunting sling
 c - a +0 flail of holy wrath
Missiles
 q - 214 stones (quivered)
Armour
 o - a +2 pair of gloves (worn)
 r - a +0 helmet (worn)
 t - a +2 ring mail of magic resistance (worn)
 x - a +0 pair of boots (worn)
Jewellery
 h - a ring of protection from cold (right hand)
 j - a +6 ring of dexterity (left hand)
 k - an amulet of rage (around neck)
 y - an uncursed amulet of guardian spirit
 z - an uncursed amulet of faith
Wands
 d - a wand of random effects (34)
 s - a wand of polymorph (14)
Scrolls
 g - 3 scrolls of enchant weapon
 i - a scroll of identify
 m - 4 scrolls of magic mapping
 p - 5 scrolls of fear
 u - a scroll of enchant armour
 v - 4 scrolls of teleportation
 w - a scroll of fog
Potions
 e - a potion of ambrosia
 l - 4 potions of flight
 n - 3 potions of curing
 A - 2 potions of lignification
Comestibles
 f - 10 rations


   Skills:
 + Level 4.1 Fighting
 + Level 4.1 Short Blades
 + Level 4.1 Long Blades
 + Level 4.1 Axes
 + Level 4.1 Maces & Flails
 + Level 4.9 Polearms
 + Level 4.1 Staves
 + Level 4.1 Slings
 + Level 4.1 Bows
 + Level 4.1 Crossbows
 + Level 4.1 Throwing
 + Level 4.1 Armour
 + Level 4.9 Dodging
 + Level 8.9 Stealth
 + Level 4.9 Shields
 + Level 4.1 Unarmed Combat
 + Level 6.5 Spellcasting
 + Level 3.4 Conjurations
 + Level 3.4 Hexes
 + Level 3.4 Charms
 + Level 3.4 Summonings
 + Level 3.4 Necromancy
 + Level 3.4 Translocations
 + Level 3.4 Transmutations
 + Level 3.4 Fire Magic
 + Level 3.4 Ice Magic
 + Level 3.4 Air Magic
 + Level 3.4 Earth Magic
 + Level 4.1 Poison Magic
 + Level 4.5 Invocations
 + Level 4.1 Evocations


You had 21 spell levels left.
You didn't know any spells.

Dungeon Overview and Level Annotations

Branches:
Dungeon (7/15)             Temple (1/1) D:5

Altars:
Ashenzari
Cheibriados
Elyvilon
Gozag
Hepliaklqana
Kikubaaqudgha
Makhleb
Nemelex Xobeh
Okawaru
Qazlal
Ru
Sif Muna
Trog
Vehumet
Wu Jian
Xom
Zin
The Shining One


Innate Abilities, Weirdness & Mutations

Your experience applies equally to all skills.
You have very sharp teeth.
Your uncanny sense of smell can sniff out nearby items.
Your life essence is reduced to manifest your ancestor. (-10% HP)


Message History

You feel yourself speed up.
You are no longer berserk.
You are exhausted.
You feel yourself slow down.
The howler monkey hoots and howls with incredible vigour!
The hornet barely misses you. The hornet stings you.
* * * LOW HITPOINT WARNING * * *
You are poisoned.
You feel as though you will be slow longer.
There is a stone staircase leading up here.
You feel sick. The hornet stings you!
* * * LOW HITPOINT WARNING * * *
You are lethally poisoned!
You suddenly lose the ability to move!
The howler monkey hits the plant but does no damage.
The hornet stings you.
* * * LOW HITPOINT WARNING * * *
You shrug off the repeated paralysis!
The howler monkey hits the plant.
The plant is destroyed!
You die...

## a##.##.#....♣.....
#.......###...
#..?......#.#
#...........# #
#...#...)...# .#
#...#.......# ##.#
...#.#.......#####PP.#
....#..####+#.#......?##
... #[. #@yh.......# #..
#.#hP......# ..
#....†≈≈...#
#...♣≈≈≈≈..#
#...≈≈≈♣...# #..≈♣≈≈♣
..# #.♣≈≈≈♣≈ ##
#..♣≈.≈.. #.. ≈.. P#


You could see a hornet and 2 howler monkeys.

Vanquished Creatures
  A troll (D:6)
  A hippogriff (D:4)
  The ghost of Burgietje the Skirmisher, an amateur GrFi (D:4)
  2 ice beasts
  A bullfrog (D:7)
  A scorpion (D:4)
  An electric eel (D:7)
  A howler monkey (D:7)
  2 crimson imps (D:7)
  A jelly (D:6)
  6 orc wizards
  A worker ant (D:7)
  A killer bee zombie (D:5)
  A hound skeleton (D:4)
  Robin (D:3)
  7 gnolls
  10 adders
  5 oozes
  An adder zombie (D:6)
  10 worms
  4 dart slugs
  6 leopard geckos
  13 orcs
  2 ball pythons
  10 hobgoblins
  5 jackals
  2 quokkas
  13 bats
  9 frilled lizards
  16 goblins
  A jackal skeleton (D:4)
  13 kobolds
  A leopard gecko skeleton (D:5)
  6 rats
156 creatures vanquished.

Vanquished Creatures (collateral kills)
  An orc warrior (D:7)
  A sky beast (D:6)
  4 wights (D:6)
  A howler monkey (D:6)
  A crimson imp (D:6)
  A centaur zombie (D:6)
  An orc priest (D:7)
  4 orc wizards
  2 worker ants
  A hound zombie (D:6)
  3 worms
  6 orcs
  6 bats
  2 jackals (Sewer)
  2 kobolds (D:7)
  A bush (D:4)
37 creatures vanquished.

Vanquished Creatures (others)
  2 battlemagi
  2 ancestors
  A plant (D:7)
5 creatures vanquished.

Grand Total: 198 creatures vanquished

Notes
Turn   | Place    | Note
-------+----------+-------------------------------------------
     0 | D:1      | Rrauwl the Gnoll Wanderer began the quest for the Orb.
     0 | D:1      | Rrauwl set off with: a +2 dagger, a scroll of fear, a potion of curing, a potion of lignification, a +0 robe, a ration
     0 | D:1      | Reached XP level 1. HP: 13/13 MP: 6/6
   326 | D:1      | Reached XP level 2. HP: 19/19 MP: 7/7
   628 | D:1      | Reached XP level 3. HP: 25/25 MP: 9/9
   684 | D:1      | Reached skill level 5 in Spellcasting
  1101 | D:2      | Reached skill level 1 in Invocations
  1313 | D:2      | Reached skill level 1 in Fighting
  1313 | D:2      | Reached skill level 1 in Short Blades
  1313 | D:2      | Reached skill level 1 in Long Blades
  1313 | D:2      | Reached skill level 1 in Axes
  1313 | D:2      | Reached skill level 1 in Maces & Flails
  1313 | D:2      | Reached skill level 1 in Staves
  1313 | D:2      | Reached skill level 1 in Slings
  1313 | D:2      | Reached skill level 1 in Bows
  1313 | D:2      | Reached skill level 1 in Crossbows
  1313 | D:2      | Reached skill level 1 in Throwing
  1313 | D:2      | Reached skill level 1 in Armour
  1313 | D:2      | Reached skill level 1 in Unarmed Combat
  1313 | D:2      | Reached skill level 1 in Evocations
  1337 | D:2      | Reached XP level 4. HP: 31/32 MP: 11/11
  1574 | D:2      | Reached skill level 1 in Conjurations
  1574 | D:2      | Reached skill level 1 in Hexes
  1574 | D:2      | Reached skill level 1 in Charms
  1574 | D:2      | Reached skill level 1 in Summonings
  1574 | D:2      | Reached skill level 1 in Necromancy
  1574 | D:2      | Reached skill level 1 in Translocations
  1574 | D:2      | Reached skill level 1 in Transmutations
  1574 | D:2      | Reached skill level 1 in Fire Magic
  1574 | D:2      | Reached skill level 1 in Ice Magic
  1574 | D:2      | Reached skill level 1 in Air Magic
  1574 | D:2      | Reached skill level 1 in Earth Magic
  1875 | D:2      | Reached XP level 5. HP: 32/37 MP: 12/12
  2604 | D:3      | Found a deep blue altar of Sif Muna.
  2721 | D:3      | Reached skill level 8 in Stealth
  2723 | D:3      | Reached XP level 6. HP: 31/44 MP: 13/13
  2769 | D:3      | Noticed Robin
  2800 | D:3      | Killed Robin
  3290 | D:3      | Found a hazy altar of Hepliaklqana.
  3298 | D:3      | Became a worshipper of Hepliaklqana the Forgotten
  3532 | D:4      | Found a glowing drain.
  3560 | Sewer    | Entered a sewer
  4155 | Sewer    | Reached * piety under Hepliaklqana
  4182 | D:4      | Noticed Burgietje's ghost (amateur GrFi)
  4193 | D:4      | Killed Burgietje's ghost
  4193 | D:4      | Reached XP level 7. HP: 45/45 MP: 15/15
  4504 | D:4      | Noticed a hippogriff
  4525 | D:4      | Killed a hippogriff
  4540 | D:4      | HP: 3/67 [scorpion (1)]
  4980 | D:4      | Found an ancient bone altar of Kikubaaqudgha.
  5093 | D:5      | Entered Level 5 of the Dungeon
  5135 | D:5      | Found a radiant altar of Vehumet.
  5170 | D:5      | Found a shimmering altar of Xom.
  5204 | D:5      | Found a snail-covered altar of Cheibriados.
  5248 | D:5      | Found a staircase to the Ecumenical Temple.
  5357 | Temple   | Entered the Ecumenical Temple
  5459 | D:5      | Reached XP level 8. HP: 40/51 MP: 16/16
  5591 | D:5      | Found a sparkling altar of Nemelex Xobeh.
  5691 | D:5      | Reached ** piety under Hepliaklqana
  5692 | D:5      | Remembered your ancestor Rick as a battlemage
  6208 | D:6      | Found a glowing golden altar of the Shining One.
  6641 | D:6      | Noticed a troll
  6655 | D:6      | Killed a troll
  6970 | D:6      | Reached *** piety under Hepliaklqana
  7080 | D:6      | Reached XP level 9. HP: 52/58 MP: 18/18
  7407 | D:7      | Noticed a hornet
  7420 | D:7      | Paralysed by a hornet for 3 turns
  7420 | D:7      | HP: 2/58 [hornet (6)]
  7421 | D:7      | Succumbed to a hornet's poison

Skill      XL: |  1  2  3  4  5  6  7  8  9 |
---------------+----------------------------+-----
Poison Magic   | 2 3 4 |  4.1
Spellcasting   | 5 6 |  6.5
Invocations    | 1 2 3 4 |  4.5
Fighting       | 1 2 3 4 |  4.1
Short Blades   | 1 2 3 4 |  4.1
Long Blades    | 1 2 3 4 |  4.1
Axes           | 1 2 3 4 |  4.1
Maces & Flails | 1 2 3 4 |  4.1
Staves         | 1 2 3 4 |  4.1
Slings         | 1 2 3 4 |  4.1
Bows           | 1 2 3 4 |  4.1
Crossbows      | 1 2 3 4 |  4.1
Throwing       | 1 2 3 4 |  4.1
Armour         | 1 2 3 4 |  4.1
Unarmed Combat | 1 2 3 4 |  4.1
Evocations     | 1 2 3 4 |  4.1
Conjurations   | 1 2 3 |  3.4
Hexes          | 1 2 3 |  3.4
Charms         | 1 2 3 |  3.4
Summonings     | 1 2 3 |  3.4
Necromancy     | 1 2 3 |  3.4
Translocations | 1 2 3 |  3.4
Transmutations | 1 2 3 |  3.4
Fire Magic     | 1 2 3 |  3.4
Ice Magic      | 1 2 3 |  3.4
Air Magic      | 1 2 3 |  3.4
Earth Magic    | 1 2 3 |  3.4
Polearms       | 3 4 |  4.9
Dodging        | 3 4 |  4.9
Shields        | 3 4 |  4.9
Stealth        | 8 |  8.9

Action                   |  1- 3 |  4- 6 |  7- 9 || total
-------------------------+-------+-------+-------++-------
Melee: Dagger            |    95 |       |       ||    95
       Bite              |    12 |    28 |    39 ||    79
       Long sword        |     6 |   184 |   172 ||   362
       Punch             |     1 |     3 |     6 ||    10
 Fire: Hunting sling     |       |    60 |    30 ||    90
Invok: Ancestor Identity |       |     1 |       ||     1
       Recall Ancestor   |       |       |     1 ||     1
       Ancestor Life: Ba |       |       |     1 ||     1
 Abil: Evoke Berserk Rag |       |       |     3 ||     3
  Use: Potion            |     2 |     5 |     3 ||    10
       Scroll            |     3 |     6 |     7 ||    16
 Stab: Sleeping          |    14 |    11 |     6 ||    31
       Distracted        |       |     2 |     6 ||     8
  Eat: Chunk             |     1 |     7 |    12 ||    20
       Ration            |       |     1 |       ||     1
Armor: Robe              |     5 |       |       ||     5
       Leather armour    |    16 |    21 |       ||    37
       Scale mail        |       |    35 |     2 ||    37
       Skin              |       |     9 |    28 ||    37
       Ring mail         |       |       |    49 ||    49
Dodge: Dodged            |    44 |   156 |    98 ||   298
       Rpst.: Long sword |     4 |    53 |    23 ||    80
